 Dungeon Crawl Stone Soup version 0.22-a0-303-g4a852b3 (webtiles) character file.

136 galech the Shield-Bearer (level 4, -1/41 HPs)
             Began as a Minotaur Fighter on Mar 27, 2018.
             Slain by CasualChangeling's ghost (12 damage)
             ... on level 3 of the Dungeon.
             The game lasted 00:02:41 (1374 turns).

galech the Shield-Bearer (Minotaur Fighter)         Turns: 1374, Time: 00:02:42

Health: -1/41      AC:  8    Str: 21    XL:     4   Next: 98%
Magic:  3/3        EV:  8    Int:  5    God:
Gold:   41         SH:  9    Dex: 10    Spells: 3/3 levels left

rFire    x . .     SeeInvis .   a - +0 war axe
rCold    + . .     Gourm    .   c - +0 shield
rNeg     . . .     Faith    .   b - +0 scale mail
rPois    .         Spirit   .   (helmet restricted)
rElec    .         Reflect  .   (no cloak)
rCorr    .         Harm     .   (no gloves)
MR       .....                  r - +0 pair of boots
Stlth    ..........             (no amulet)
HPRegen  0.13/turn              l - ring of ice
MPRegen  0.08/turn              (no ring)

@: no status effects
A: retaliatory headbutt, horns 2
a: no special abilities


You were on level 3 of the Dungeon.
You were not hungry.

You visited 1 branch of the dungeon, and saw 3 of its levels.

You collected 41 gold pieces.

Inventory:

Hand Weapons
 a - a +0 war axe (weapon)
Armour
 b - a +0 scale mail (worn)
 c - a +0 shield (worn)
 r - a +0 pair of boots (worn)
Jewellery
 l - a ring of ice (left hand)
Scrolls
 h - a scroll of amnesia {unknown}
 i - 2 scrolls of enchant armour {unknown}
 k - a scroll of fear {unknown}
 o - 4 scrolls of teleportation {unknown}
 p - a scroll of magic mapping {unknown}
 q - a scroll of identify {unknown}
Potions
 d - 4 potions of might
 e - a potion of lignification {unknown}
 g - a potion of degeneration {unknown}
 j - 2 potions of curing {unknown}
 m - 3 potions of flight {unknown}
 n - a potion of mutation {unknown}
 t - a potion of agility {unknown}
 u - a potion of cancellation {unknown}
 v - a potion of brilliance {unknown}
Comestibles
 f - 3 rations
 s - 3 chunks of flesh


   Skills:
 + Level 4.4 Fighting
 + Level 3.9 Axes
 + Level 4.4 Armour
 + Level 1.0 Dodging
 + Level 4.5 Shields


You had 3 spell levels left.
You didn't know any spells.

Dungeon Overview and Level Annotations

Branches:
Dungeon (3/15)

Altars:

Annotations:
D:3 CasualChangeling's ghost, novice FoFi


Innate Abilities, Weirdness & Mutations

You reflexively headbutt those who attack you in melee.
You have a pair of horns on your head.


Message History

m - 3 amethyst potions (gained 1)
Something unseen opens the door.
CasualChangeling's ghost (novice Formicid Fighter) comes into view.
CasualChangeling's ghost is nearby!
CasualChangeling's ghost turns its malevolent gaze towards you.
Your shield and scale mail prevent you from hitting CasualChangeling's ghost.
CasualChangeling's ghost hits you but does no damage.
You slash CasualChangeling's ghost!
CasualChangeling's ghost is lightly damaged.
CasualChangeling's ghost hits you but does no damage.
CasualChangeling's ghost hits you!
You barely miss CasualChangeling's ghost.
Your headbutt misses CasualChangeling's ghost.
CasualChangeling's ghost is lightly damaged.
CasualChangeling's ghost hits you! CasualChangeling's ghost hits you!
* * * LOW HITPOINT WARNING * * *
There is a stone staircase leading up here.
CasualChangeling's ghost hits you!
You die...

#.#.................#
#.................$.#
#......)............#
...............+#####
...............+
...............##
................#
...............W#
...............@#
...#...........##
####........#
#........# #...######
.... ..


You could see CasualChangeling's ghost.

Vanquished Creatures
  Natasha (thrice) (D:2)
  An adder (D:2)
  An ooze (D:2)
  A dart slug (D:1)
  2 leopard geckos
  An orc (D:3)
  3 giant cockroaches
  6 goblins
  2 hobgoblins (D:1)
  2 jackals (D:1)
  3 quokkas
  A ball python (D:2)
  4 bats (D:1)
  5 frilled lizards
  5 kobolds
  7 rats
47 creatures vanquished.

Notes
Turn   | Place    | Note
-------+----------+-------------------------------------------
     0 | D:1      | galech the Minotaur Fighter began the quest for the Orb.
     0 | D:1      | Reached XP level 1. HP: 19/19 MP: 0/0
   205 | D:1      | Reached XP level 2. HP: 27/27 MP: 1/1
   708 | D:2      | Reached XP level 3. HP: 33/33 MP: 2/2
  1025 | D:2      | Noticed Natasha
  1034 | D:2      | Killed Natasha
  1034 | D:2      | Reached XP level 4. HP: 32/41 MP: 3/3
  1050 | D:2      | Noticed Natasha
  1054 | D:2      | Killed Natasha
  1262 | D:2      | Noticed Natasha
  1269 | D:2      | Killed Natasha
  1349 | D:3      | Reached skill level 1 in Dodging
  1360 | D:3      | Noticed CasualChangeling's ghost (novice FoFi)
  1374 | D:3      | Slain by CasualChangeling's ghost

Vault maps used:
D:1:      onia_arrival_larder
D:2:      first_ration, uniq_natasha

Skill      XL: |  1  2  3  4 |
---------------+-------------+-----
Fighting       | 4 |  4.4
Shields        | 4 |  4.5
Axes           | 3 |  3.9
Armour         | 4 |  4.4
Dodging        | 1 |  1.0

Action                   |  1- 3 |  4- 6 || total
-------------------------+-------+-------++-------
Melee: War axe           |    96 |    23 ||   119
       Headbutt          |    11 |     3 ||    14
  Eat: Chunk             |     1 |     1 ||     2
Armor: Scale mail        |    36 |    12 ||    48
Dodge: Dodged            |    24 |     4 ||    28
Block: Shield            |    55 |     7 ||    62

Table legend:
 A = Spawn XP
 B = Non-spawn XP
 C = Spawn XP percentage of total XP
 D = Spawn monster count
 E = Non-spawn monster count
 F = Spawn count percentage of total count
 G = Total turns spent on level
                    A         B        C        D         E        F      G
               +---------+---------+-------+---------+---------+-------+---------
         Total |       0 |     195 |   0.0 |       0 |      47 |   0.0 |  1374
               +---------+---------+-------+---------+---------+-------+---------
           D:1 |       0 |      39 |   0.0 |       0 |      23 |   0.0 |   695
           D:2 |       0 |     152 |   0.0 |       0 |      22 |   0.0 |   643
           D:3 |       0 |       4 |   0.0 |       0 |       2 |   0.0 |    36
               +---------+---------+-------+---------+---------+-------+---------
